 Dungeon Crawl Stone Soup version 0.29.0-4-gdea44cf6ec (webtiles) character file.

Game seed: 10590182764095162917

66 qw the Chopper (level 4, -3/36 HPs)
             Began as a Barachi Chaos Knight on Sept 5, 2022.
             Slain by a gnoll
             ... wielding a +0 flail
              (9 damage)
             ... on level 3 of the Dungeon.
             The game lasted 00:00:50 (2237 turns).

qw the Chopper (Barachi Chaos Knight)               Turns: 2237, Time: 00:00:50

Health: -3/36      AC:  7    Str: 16    XL:     4   Next: 15%
Magic:  4/4        EV:  5    Int: 12    God:
Gold:   64         SH:  0    Dex:  7    Spells: 3/3 levels left

rFire   + + +      SeeInvis .   Y - +0 hand axe (chaos)
rCold   + + +      Faith    .   e - +0 buckler of Chill Winds {*Corrode rF+++ rC+++ Dex-2}
rNeg    . . .      Spirit   .   f - +0 scale mail
rPois   +          Reflect  .   k - +0 helmet
rElec   .          Harm     .   (no cloak)
rCorr   .          Rampage  .   (no gloves)
Will    +....                   (no boots)
Stlth   ..........              (no amulet)
HPRegen 0.12/turn               d - ring of poison resistance
MPRegen 0.09/turn               (no ring)

@: about to teleport, held, slow
A: amphibious, slowness 1, strong legs 1, +LOS, clumsy 1, strong-willed 1
a: Hop


You were on level 3 of the Dungeon.
You visited 1 branch of the dungeon, and saw 3 of its levels.

You collected 64 gold pieces.


Innate Abilities, Weirdness & Mutations

You are amphibious.
You cover ground slowly.
You can hop short distances.
You have an extended range of vision and can be seen from far away.
You are clumsy. (Dex -2)
You are strong-willed. (Will+)


   Skills:
 - Level 3.6 Fighting
 + Level 5.1 Axes
 - Level 2.4 Armour
 - Level 1.1 Dodging
 - Level 1.2 Shields


You had 3 spell levels left.
You didn't know any spells.
Your spell library was empty.

Inventory:

Hand Weapons
 n - a +0 club
 Y - a +0 hand axe of chaos (weapon)
Missiles
 j - 3 boomerangs (quivered)
Armour
 e - the +0 buckler of Chill Winds (worn) {*Corrode rF+++ rC+++ Dex-2}
   (You acquired it on level 2 of the Dungeon)

   Dex:       It affects your dexterity (-2).
   rF:        It renders you almost immune to fire.
   rC:        It renders you almost immune to cold.
   *Corrode:  It may corrode you when you take damage.
 f - a +0 scale mail (worn)
 k - a +0 helmet (worn)
Jewellery
 d - a ring of poison resistance (left hand)
Scrolls
 a - a scroll of identify
 l - 3 scrolls of enchant weapon {unknown}
Potions
 g - 2 potions of might
 h - a potion of curing
 i - 2 potions of heal wounds
Miscellaneous
 c - a piece from Xom's chessboard (15/15)

Dungeon Overview and Level Annotations

Branches:
Dungeon (3/15)

Altars:
Vehumet


Message History

You closely miss the gnoll.
The gnoll is severely wounded.
You hit the gnoll but do no damage. Lightning courses through the gnoll!
You barely miss the gnoll. You barely miss the giant cockroach.
The giant cockroach bites you but does no damage.
The gnoll closely misses you. The gnoll hits you with a +0 flail.
The gnoll hits you but does no damage. x2
The giant cockroach bites you but does no damage.
You hit the gnoll but do no damage.
The gnoll is almost dead.
You hit the gnoll.
The gnoll is poisoned.
You closely miss the gnoll. You hit the giant cockroach.
Lightning courses through the giant cockroach!
You kill the giant cockroach!
The gnoll closely misses you. The gnoll hits you with a +0 flail.
The gnoll hits you but does no damage. The gnoll closely misses you.
You hit the gnoll.
The gnoll looks as sick as possible!
The gnoll is almost dead.
You hit the gnoll but do no damage. x2
You kill the gnoll!
The gnoll hits you but does no damage. The gnoll barely misses you.
You block the gnoll's attack.
Your Shields skill increases to level 1!
You have reached level 4!
You feel stronger.
You hit the gnoll.
You kill the gnoll!
You hit the gnoll but do no damage. The gnoll hits you with a +0 flail.
The gnoll hits you but does no damage.
You hit the gnoll but do no damage.
The gnoll is moderately wounded.
The gnoll hits you but does no damage.
The gnoll throws a throwing net.
The throwing net hits you.
You become entangled in the net!
You struggle against the net.
The gnoll hits you with a +0 flail! The gnoll barely misses you.
2237 ||| READING scroll of teleportation.
As you read the scroll of teleportation, it crumbles to dust.
You feel strangely unstable. The gnoll hits you with a +0 flail!
You die...
Xom snickers!

#. #### #.# #...
##!# #.# #.#. #...#
#######.######.#.
......
#.......#......#.
#...#.#
#.....>...######.
##?#...##.......###
#.
#.....g.........#
#.
.......%........#
#.
#......)@.......#
#.
##.#...)g.......#
#............####
#.##.......###
#......## #.#...##
#.##.## . ...
##.###


You could see 2 gnolls.

Vanquished Creatures
  2 gnolls (D:3)
  2 worms (D:2)
  6 bats
  7 endoplasms
  2 giant cockroaches
  5 goblins (D:2)
  A hobgoblin (D:1)
  4 jackals (D:2)
  A quokka (D:1)
  3 ball pythons
  2 kobolds (D:1)
  3 rats
38 creatures vanquished.

Vanquished Creatures (others)
  A worm zombie (D:2)
  7 plants (D:2)
8 creatures vanquished.

Grand Total: 46 creatures vanquished

Notes
Turn   | Place    | Note
-------+----------+-------------------------------------------
     0 | D:1      | qw the Barachi Chaos Knight began the quest for the Orb.
     0 | D:1      | Reached XP level 1. HP: 18/18 MP: 1/1
     0 | D:1      | 0 ||| qw: Version: 0.1-a-104-g96f76f8
     0 | D:1      | 0 ||| qw: Game counter: 5832
     0 | D:1      | 0 ||| qw: Always use a shield: true
     0 | D:1      | 0 ||| qw: God list: Okawaru
     0 | D:1      | 0 ||| qw: Allow faded altars: false
     0 | D:1      | 0 ||| qw: Do Orc after D:15 true
     0 | D:1      | 0 ||| qw: Do second Lair branch before Depths: true
     0 | D:1      | 0 ||| qw: Lair rune preference: random
     0 | D:1      | 0 ||| qw: Plans: Normal
     0 | D:1      | 0 ||| PLANNING D:1-11
     0 | D:1      | Fell from the grace of Xom
   215 | D:1      | 215 ||| Stepping ~*~*~tactically~*~*~ (stealth).
   222 | D:1      | 222 ||| Stepping ~*~*~tactically~*~*~ (stealth).
   362 | D:1      | Reached XP level 2. HP: 22/24 MP: 2/2
   732 | D:1      | Reached skill level 4 in Axes
  1091 | D:1      | 1091 ||| UPGRADING to +0 helmet.
  1096 | D:1      | 1096 ||| UPGRADING to +0 ring mail.
  1106 | D:1      | 1106 ||| DROPPING +2 leather armour.
  1107 | D:1      | 1107 ||| UPGRADING to ring of poison resistance.
  1108 | D:1      | 1108 ||| DROPPING ring of magical power.
  1109 | D:1      | 1109 ||| READING scroll labelled TEIDAY ROCEUSS.
  1110 | D:1      | 1110 ||| READING 2 scrolls labelled YPUIHU ASAWK.
  1111 | D:1      | 1111 ||| READING scroll labelled OLUYXKUXIA.
  1112 | D:1      | 1112 ||| READING scroll labelled FUERPH PUWKYA.
  1113 | D:1      | 1113 ||| DROPPING scroll of fear.
  1130 | D:2      | Found a faded altar of an unknown god.
  1366 | D:2      | Reached XP level 3. HP: 27/29 MP: 3/3
  1430 | D:2      | Found a radiant altar of Vehumet.
  1493 | D:2      | 1493 ||| Stepping ~*~*~tactically~*~*~ (stealth).
  1513 | D:2      | 1513 ||| Stepping ~*~*~tactically~*~*~ (hiding).
  1519 | D:2      | XOM: give mutations
  1519 | D:2      | Gained mutation: You are strong-willed. (Will+) [Xom's
                  | mischief]
  1519 | D:2      | Gained mutation: You are clumsy. (Dex -2) [Xom's mischief]
  1553 | D:2      | 1553 ||| Stepping ~*~*~tactically~*~*~ (stealth).
  1837 | D:2      | 1837 ||| Stepping ~*~*~tactically~*~*~ (stealth).
  1844 | D:2      | Reached skill level 5 in Axes
  2088 | D:2      | 2088 ||| READING 2 scrolls labelled HEZAL GYEF DESCH.
  2091 | D:2      | 2091 ||| READING scroll labelled ALARIACKAR.
  2091 | D:2      | Identified a scroll of acquirement
  2091 | D:2      | 2091 ||| ACQUIRING +0 buckler of Chill Winds {*Corrode
                  | rF+++ rC+++ Dex-2}
  2091 | D:2      | Acquired the +0 buckler of Chill Winds {*Corrode rF+++
                  | rC+++ Dex-2}
  2093 | D:2      | 2093 ||| UPGRADING to +0 buckler of Chill Winds {*Corrode
                  | rF+++ rC+++ Dex-2}.
  2098 | D:2      | 2098 ||| READING scroll labelled DIONENWEALU.
  2099 | D:2      | 2099 ||| READING scroll labelled HORPHU ODEFILE.
  2100 | D:2      | 2100 ||| DRINKING 3 bubbling black potions.
  2101 | D:2      | 2101 ||| DRINKING 3 lumpy orange potions.
  2102 | D:2      | 2102 ||| DRINKING 2 silvery potions.
  2103 | D:2      | 2103 ||| READING 3 scrolls of identify.
  2103 | D:2      | 2103 ||| IDENTIFYING fuming ruby potion
  2104 | D:2      | 2104 ||| DROPPING potion of lignification.
  2105 | D:2      | 2105 ||| DROPPING potion of attraction.
  2174 | D:2      | 2174 ||| UPGRADING to +0 scale mail.
  2184 | D:2      | 2184 ||| DROPPING +0 ring mail.
  2185 | D:2      | 2185 ||| READING 2 scrolls of identify.
  2185 | D:2      | 2185 ||| IDENTIFYING coppery potion
  2234 | D:3      | Reached skill level 1 in Shields
  2234 | D:3      | Reached XP level 4. HP: 14/36 MP: 4/4
  2236 | D:3      | HP: 6/36 [gnoll/+0 flail (7)]
  2237 | D:3      | 2237 ||| READING scroll of teleportation.
  2237 | D:3      | Slain by a gnoll

Levels and vault maps discovered:
D:1:      minmay_arrival_stair_chambers, layout_basic
D:2:      minmay_wonky_spiral, layout_basic, basic_altar,
          hellmonk_ecumenical_altar_slurped_away, chequers_big_river
D:3:      layout_loops_ring

Skill      XL: |  1  2  3 |
---------------+----------+-----
Axes           | 4 5 |  5.1
Shields        | 1 |  1.2
Fighting       | |  3.6
Armour         | |  2.4
Dodging        | |  1.1

Action                   |  1- 3 |  4- 6 || total
-------------------------+-------+-------++-------
Melee: Hand axe          |   118 |     2 ||   120
       Punch             |     1 |       ||     1
Throw: Boomerang         |    26 |       ||    26
Invok: Renounce Religion |     1 |       ||     1
  Use: Scroll            |    10 |     1 ||    11
       Potion            |     3 |       ||     3
Armor: Leather armour    |    27 |       ||    27
       Ring mail         |    20 |       ||    20
       Scale mail        |     9 |     2 ||    11
Dodge: Dodged            |    71 |     1 ||    72
Block: Buckler           |     1 |       ||     1

Table legend:
 A = Non-vault XP
 B = Vault XP
 C = Vault XP percentage of total XP
 D = Non-vault monster count
 E = Vault monster count
 F = Vault count percentage of total count
                 A         B        C        D         E       F
            +---------+---------+-------+---------+---------+-------
      Total |      88 |       7 |   7.4 |      34 |       4 |  10.5
            +---------+---------+-------+---------+---------+-------
        D:1 |      26 |       0 |   0.0 |      16 |       0 |   0.0
        D:2 |      32 |       7 |  17.9 |      15 |       4 |  21.1
        D:3 |      30 |       0 |   0.0 |       3 |       0 |   0.0
            +---------+---------+-------+---------+---------+-------
